TOP OF THE 1ST |
Colorado Rockies batting - Pitching for Chicago Cubs : LHP Unkei Wakamatsu
|
Pitching: LHP Unkei Wakamatsu
|
|
Batting: SHB Chris Blue
|
0-0: SINGLE (Groundball, 6MD, EV 107.5 MPH) (infield hit)
|
Batting: SHB Jon Munoz
|
0-0: Ball 1-0: Ball 2-0: Called Strike 2-1: Foul Ball, location: 2F 2-2: Foul Ball, location: 2F 2-2: Strikes out swinging
|
Batting: RHB Joel Haycock
|
0-0: Called Strike Chris Blue steals 2nd base 0-1: Called Strike 0-2: Strikes out swinging
|
Batting: RHB Jason Andrews
|
0-0: Called Strike 0-1: Ball 1-1: Single, Error in OF, E8, batter to second base (Line Drive, 8RS, EV 89.4 MPH) Chris Blue scores
|
Batting: RHB Wen-hua Lei
|
0-0: Ball 1-0: Called Strike 1-1: 2-RUN HOME RUN (Flyball, 78XD, EV 99.4 MPH), Distance : 407 ft
|
Batting: LHB Fabiano Perrolas
|
0-0: Ball 1-0: Called Strike 1-1: Ball 2-1: Foul Ball, location: 2F 2-2: Strikes out looking
|
Top of the 1st over - 3 runs, 3 hits, 1 error, 0 left on base; Colorado 3 - Chicago 0 |
BOTTOM OF THE 1ST |
Chicago Cubs batting - Pitching for Colorado Rockies : RHP Link Zeller
|
Pitching: RHP Link Zeller
|
|
Batting: RHB Elijah Campbell
|
0-0: Called Strike 0-1: Foul Ball, location: 2F 0-2: Foul Ball, location: 2F 0-2: Strikes out swinging
|
Batting: LHB Kevin Norton
|
0-0: Ball 1-0: Fly out, F4 (Flyball, 34D, EV 78.8 MPH)
|
Batting: SHB Terry Tuckfard
|
0-0: Ball 1-0: Called Strike 1-1: Called Strike 1-2: Strikes out swinging
|
Bottom of the 1st over - 0 runs, 0 hits, 0 errors, 0 left on base; Colorado 3 - Chicago 0 |
TOP OF THE 2ND |
Colorado Rockies batting - Pitching for Chicago Cubs : LHP Unkei Wakamatsu
|
Batting: RHB Leo Mair
|
0-0: Ground out U3 (Groundball, 34S, EV 88.8 MPH)
|
Batting: RHB Kian-tat Chen
|
0-0: Ground out 5-3 (Groundball, 56, EV 106.9 MPH)
|
Batting: LHB Robert Watson
|
0-0: Swinging Strike 0-1: Called Strike 0-2: Strikes out swinging
|
Top of the 2nd over - 0 runs, 0 hits, 0 errors, 0 left on base; Colorado 3 - Chicago 0 |
BOTTOM OF THE 2ND |
Chicago Cubs batting - Pitching for Colorado Rockies : RHP Link Zeller
|
Batting: RHB Will Leslie
|
0-0: Ball 1-0: Ball 2-0: Ball 3-0: Called Strike 3-1: Base on Balls
|
Batting: RHB Steve Bui
|
0-0: Foul Ball, location: 2F 0-1: Ball 1-1: Ball 2-1: Ball 3-1: Base on Balls Will Leslie to second
|
Batting: RHB Pat Barton
|
0-0: Called Strike 0-1: Ground out 6-3 (Groundball, 6S, EV 68.1 MPH) Will Leslie to third Steve Bui to second
|
Batting: RHB Jason Ostrom
|
0-0: Ball 1-0: Ball 2-0: Foul Ball, location: 2F 2-1: Ball 3-1: Swinging Strike 3-2: Strikes out swinging
|
Batting: SHB Seung-ho Zhang
|
0-0: Ball 1-0: Called Strike 1-1: Foul Ball, location: 2F 1-2: Strikes out swinging
|
Bottom of the 2nd over - 0 runs, 0 hits, 0 errors, 2 left on base; Colorado 3 - Chicago 0 |
TOP OF THE 3RD |
Colorado Rockies batting - Pitching for Chicago Cubs : LHP Unkei Wakamatsu
|
Batting: SHB Chris Blue
|
0-0: Called Strike 0-1: Ball 1-1: SINGLE (Line Drive, 9S, EV 106.2 MPH)
|
Batting: SHB Jon Munoz
|
0-0: Called Strike 0-1: Swinging Strike 0-2: Foul Ball, location: 2F 0-2: Foul Ball, location: 2F 0-2: Strikes out swinging
|
Batting: RHB Joel Haycock
|
0-0: Called Strike 0-1: Called Strike 0-2: Strikes out looking
|
Batting: RHB Jason Andrews
|
0-0: Ball 1-0: Ball 2-0: Called Strike 2-1: Ball 3-1: Foul Ball, location: 2F 3-2: Strikes out swinging
|
Top of the 3rd over - 0 runs, 1 hit, 0 errors, 1 left on base; Colorado 3 - Chicago 0 |
BOTTOM OF THE 3RD |
Chicago Cubs batting - Pitching for Colorado Rockies : RHP Link Zeller
|
Batting: RHB Shintaro Katsumata
|
0-0: Called Strike 0-1: Called Strike 0-2: Ball 1-2: Strikes out looking
|
Batting: RHB Elijah Campbell
|
0-0: Ball 1-0: Ball 2-0: Ball 3-0: Called Strike 3-1: Swinging Strike 3-2: Base on Balls
|
Batting: LHB Kevin Norton
|
0-0: Ball 1-0: Ball 2-0: Foul Ball, location: 2F 2-1: Ball 3-1: Foul Ball, location: 2F 3-2: Foul Ball, location: 2F 3-2: Fly out, F7 (Flyball, 7D, EV 81.2 MPH)
|
Batting: SHB Terry Tuckfard
|
0-0: Foul Ball, location: 2F 0-1: Ball 1-1: Ball 2-1: Ball 3-1: Ground out 4-3 (Groundball, 4, EV 86.9 MPH)
|
Bottom of the 3rd over - 0 runs, 0 hits, 0 errors, 1 left on base; Colorado 3 - Chicago 0 |
TOP OF THE 4TH |
Colorado Rockies batting - Pitching for Chicago Cubs : LHP Unkei Wakamatsu
|
Batting: RHB Wen-hua Lei
|
0-0: Swinging Strike 0-1: Ball 1-1: Called Strike 1-2: Foul Ball, location: 2F 1-2: Fly out, F3 (Popup, 3L, EV 75.0 MPH)
|
Batting: LHB Fabiano Perrolas
|
0-0: Ball 1-0: Foul Ball, location: 2F 1-1: Ball 2-1: Called Strike 2-2: Strikes out swinging
|
Batting: RHB Leo Mair
|
0-0: TRIPLE (Flyball, 78XD, EV 104.4 MPH)
|
Batting: RHB Kian-tat Chen
|
0-0: Called Strike 0-1: Ball Wild Pitch! Leo Mair scores 1-1: Swinging Strike 1-2: Foul Ball, location: 2F 1-2: Strikes out swinging
|
Top of the 4th over - 1 run, 1 hit, 0 errors, 0 left on base; Colorado 4 - Chicago 0 |
BOTTOM OF THE 4TH |
Chicago Cubs batting - Pitching for Colorado Rockies : RHP Link Zeller
|
Batting: RHB Will Leslie
|
0-0: Called Strike 0-1: Ball 1-1: Called Strike 1-2: Fly out, F9 (Flyball, 9, EV 91.2 MPH)
|
Batting: RHB Steve Bui
|
0-0: Ball 1-0: Called Strike 1-1: Swinging Strike 1-2: Strikes out looking
|
Batting: RHB Pat Barton
|
0-0: Ball 1-0: Ball 2-0: Called Strike 2-1: Swinging Strike 2-2: Foul Ball, location: 2F 2-2: Foul Ball, location: 2F 2-2: Strikes out swinging
|
Bottom of the 4th over - 0 runs, 0 hits, 0 errors, 0 left on base; Colorado 4 - Chicago 0 |
TOP OF THE 5TH |
Colorado Rockies batting - Pitching for Chicago Cubs : LHP Unkei Wakamatsu
|
Batting: LHB Robert Watson
|
0-0: Swinging Strike 0-1: Called Strike 0-2: Ball 1-2: Ball 2-2: Ball 3-2: Ground out U3 (Groundball, 34, EV 102.5 MPH)
|
Batting: SHB Chris Blue
|
0-0: Ball 1-0: Foul Ball, location: 2F 1-1: SINGLE (Groundball, 56S, EV 61.9 MPH) (infield hit)
|
Batting: SHB Jon Munoz
|
0-0: Called Strike 0-1: Ball 1-1: Ball 2-1: Foul Ball, location: 2F 2-2: Strikes out swinging
|
Batting: RHB Joel Haycock
|
0-0: Ball 1-0: Ball 2-0: Ground out 4-3 (Groundball, 4MD, EV 86.9 MPH)
|
Top of the 5th over - 0 runs, 1 hit, 0 errors, 1 left on base; Colorado 4 - Chicago 0 |
BOTTOM OF THE 5TH |
Chicago Cubs batting - Pitching for Colorado Rockies : RHP Link Zeller
|
Batting: RHB Jason Ostrom
|
0-0: Ground out 6-3 (Groundball, 6S, EV 91.2 MPH)
|
Batting: SHB Seung-ho Zhang
|
0-0: Called Strike 0-1: Ball 1-1: Ground out 4-3 (Groundball, 4, EV 87.5 MPH)
|
Batting: RHB Shintaro Katsumata
|
0-0: Ball 1-0: Ground out 4-3 (Groundball, 4M, EV 105.0 MPH)
|
Bottom of the 5th over - 0 runs, 0 hits, 0 errors, 0 left on base; Colorado 4 - Chicago 0 |
TOP OF THE 6TH |
Colorado Rockies batting - Pitching for Chicago Cubs : LHP Unkei Wakamatsu
|
Batting: RHB Jason Andrews
|
0-0: Called Strike 0-1: Called Strike 0-2: Ball 1-2: Ball 2-2: Strikes out swinging
|
Batting: RHB Wen-hua Lei
|
0-0: Ball 1-0: Called Strike 1-1: Swinging Strike 1-2: Strikes out looking
|
Batting: LHB Fabiano Perrolas
|
0-0: Ball 1-0: Ground out 5-3 (Groundball, 56S, EV 83.1 MPH)
|
Top of the 6th over - 0 runs, 0 hits, 0 errors, 0 left on base; Colorado 4 - Chicago 0 |
BOTTOM OF THE 6TH |
Chicago Cubs batting - Pitching for Colorado Rockies : RHP Link Zeller
|
Batting: RHB Elijah Campbell
|
0-0: Ball 1-0: Foul Ball, location: 2F 1-1: Ground out 1-3 (Groundball, 13S, EV 65.6 MPH)
|
Batting: LHB Kevin Norton
|
0-0: SINGLE (Line Drive, 34D, EV 101.2 MPH)
|
Batting: SHB Terry Tuckfard
|
0-0: Ball 1-0: Swinging Strike 1-1: Foul Ball, location: 2F 1-2: Ball 2-2: Fielders Choice at 2nd, 4-6 (Groundball, 4S, EV 90.0 MPH)
|
Batting: RHB Will Leslie
|
0-0: Ball 1-0: Ball Terry Tuckfard is caught stealing 2nd base 2-4
|
Bottom of the 6th over - 0 runs, 1 hit, 0 errors, 0 left on base; Colorado 4 - Chicago 0 |
TOP OF THE 7TH |
Colorado Rockies batting - Pitching for Chicago Cubs : LHP Unkei Wakamatsu
|
Batting: RHB Leo Mair
|
0-0: Ball 1-0: SOLO HOME RUN (Flyball, 78XD, EV 97.5 MPH), Distance : 378 ft
|
Pitching: LHP Brock Lewis
|
|
Batting: RHB Kian-tat Chen
|
0-0: Ball 1-0: Ball 2-0: Ball 3-0: Called Strike 3-1: Base on Balls
|
Batting: LHB Robert Watson
|
0-0: Called Strike 0-1: Ball 1-1: Foul Ball, location: 2F 1-2: Foul Ball, location: 2F 1-2: Strikes out swinging
|
Batting: SHB Chris Blue
|
0-0: Ball 1-0: Foul Ball, location: 2F 1-1: Foul Ball, location: 2F 1-2: Ball Kian-tat Chen steals 2nd base 2-2: Strikes out swinging
|
Batting: SHB Jon Munoz
|
0-0: Ball 1-0: Called Strike 1-1: Ground out U3 (Groundball, 34S, EV 83.8 MPH)
|
Top of the 7th over - 1 run, 1 hit, 0 errors, 1 left on base; Colorado 5 - Chicago 0 |
BOTTOM OF THE 7TH |
Chicago Cubs batting - Pitching for Colorado Rockies : RHP Link Zeller
|
Batting: RHB Will Leslie
|
0-0: Called Strike 0-1: Foul Ball, location: 2F 0-2: Ball 1-2: Ball 2-2: Ball 3-2: Foul Ball, location: 2F 3-2: Foul Ball, location: 2F 3-2: Fly out, F7 (Flyball, 7D, EV 93.8 MPH)
|
Batting: RHB Steve Bui
|
0-0: Swinging Strike 0-1: Ball 1-1: Called Strike 1-2: Ball 2-2: Strikes out swinging
|
Batting: RHB Pat Barton
|
0-0: Foul Ball, location: 2F 0-1: DOUBLE (Line Drive, 89XD, EV 105.0 MPH)
|
Batting: RHB Jason Ostrom
|
0-0: Ball 1-0: Ball 2-0: Swinging Strike 2-1: Fly out, F9 (Flyball, 9S, EV 89.4 MPH)
|
Bottom of the 7th over - 0 runs, 1 hit, 0 errors, 1 left on base; Colorado 5 - Chicago 0 |
TOP OF THE 8TH |
Colorado Rockies batting - Pitching for Chicago Cubs : LHP Brock Lewis
|
Batting: RHB Joel Haycock
|
0-0: Foul Ball, location: 2F 0-1: Swinging Strike 0-2: Strikes out swinging
|
Batting: RHB Jason Andrews
|
0-0: Called Strike 0-1: Called Strike 0-2: Strikes out swinging, 2-3 out at first.
|
Batting: RHB Wen-hua Lei
|
0-0: Ball 1-0: Foul Ball, location: 2F 1-1: Swinging Strike 1-2: Foul Ball, location: 2F 1-2: Foul Ball, location: 2F 1-2: Strikes out swinging
|
Top of the 8th over - 0 runs, 0 hits, 0 errors, 0 left on base; Colorado 5 - Chicago 0 |
BOTTOM OF THE 8TH |
Chicago Cubs batting - Pitching for Colorado Rockies : RHP Link Zeller
|
Pitching: RHP Jim Bruley
|
|
Batting: SHB Seung-ho Zhang
|
0-0: Called Strike 0-1: Ball 1-1: Ground out 4-3 (Groundball, 4, EV 81.9 MPH)
|
Pinch Hitting: SHB Art Kent
|
0-0: Foul Ball, location: 2F 0-1: Called Strike 0-2: Ball 1-2: Foul Ball, location: 2F 1-2: Strikes out swinging
|
Batting: RHB Elijah Campbell
|
0-0: Ball 1-0: Called Strike 1-1: SINGLE (Line Drive, 4MD, EV 103.1 MPH)
|
Batting: LHB Kevin Norton
|
0-0: Called Strike 0-1: Ball 1-1: Ball 2-1: Foul Ball, location: 2F 2-2: Hit by Pitch Elijah Campbell to second
|
Batting: SHB Terry Tuckfard
|
0-0: Foul Ball, location: 2F 0-1: Ball 1-1: Foul Ball, location: 2F 1-2: Foul Ball, location: 2F 1-2: Strikes out swinging
|
Bottom of the 8th over - 0 runs, 1 hit, 0 errors, 2 left on base; Colorado 5 - Chicago 0 |
TOP OF THE 9TH |
Colorado Rockies batting - Pitching for Chicago Cubs : LHP Brock Lewis
|
Now at SS: Jason Ostrom
|
|
Now in CF: Art Kent
|
|
Batting: LHB Fabiano Perrolas
|
0-0: Ball 1-0: Swinging Strike 1-1: Ball 2-1: Called Strike 2-2: Ball 3-2: Strikes out swinging
|
Batting: RHB Leo Mair
|
0-0: Called Strike 0-1: Called Strike 0-2: Foul Ball, location: 2F 0-2: Ball 1-2: Ball 2-2: Ground out 5-3 (Groundball, 56S, EV 70.0 MPH)
|
Batting: RHB Kian-tat Chen
|
0-0: Ball 1-0: Ball 2-0: Called Strike 2-1: Ball 3-1: Foul Ball, location: 2F 3-2: Base on Balls
|
Pitching: LHP Jay Turpin
|
|
Batting: LHB Robert Watson
|
0-0: Ball 1-0: Called Strike 1-1: Ball 2-1: Called Strike 2-2: Fly out, F7 (Flyball, 7, EV 91.2 MPH)
|
Top of the 9th over - 0 runs, 0 hits, 0 errors, 1 left on base; Colorado 5 - Chicago 0 |
BOTTOM OF THE 9TH |
Chicago Cubs batting - Pitching for Colorado Rockies : RHP Jim Bruley
|
Batting: RHB Will Leslie
|
0-0: Called Strike 0-1: Foul Ball, location: 2F 0-2: Strikes out looking
|
Batting: RHB Steve Bui
|
0-0: Ball 1-0: Foul Ball, location: 2F 1-1: Ball 2-1: Ground out 2-3 (Groundball, 13S, EV 70.0 MPH)
|
Batting: RHB Pat Barton
|
0-0: Ball 1-0: Foul Ball, location: 2F 1-1: Ball 2-1: Called Strike 2-2: Foul Ball, location: 2F 2-2: SINGLE (Groundball, 6MD, EV 104.4 MPH)
|
Batting: RHB Jason Ostrom
|
0-0: Ball 1-0: Foul Ball, location: 2F 1-1: Foul Ball, location: 2F 1-2: Strikes out swinging
|
Bottom of the 9th over - 0 runs, 1 hit, 0 errors, 1 left on base; Colorado 5 - Chicago 0 |
|